 Dungeon Crawl Stone Soup version 0.31-b1-22-gc680215f68 (webtiles) character file.

Game seed: 11001054856492901603

2256 Destinykillz the Blocker (level 9, 0/79 HPs)
             Began as a Hill Orc Fighter on Jan 18, 2024.
             Was an Initiate of Beogh.
             Slain by Maggie
             ... wielding a +1 long sword of flaming
              (2 damage)
             ... on level 7 of the Dungeon.
             The game lasted 00:14:42 (6370 turns).

Destinykillz the Blocker (Hill Orc Fighter)         Turns: 6370, Time: 00:14:42

Health: 0/79       AC:  7    Str: 21    XL:     9   Next: 37%
Magic:  3/3        EV: 10    Int: 10    God:    Beogh [......]
Gold:   139        SH:  6    Dex: 16    Spells: 8/8 levels left

rFire   . . .        A - +2 hand axe (antimagic)
rCold   . . .        c - +0 buckler
rNeg    + . .        D - +0 leather armour "Zougy" {rN+ Dex+6}
rPois   .            v - +0 helmet
rElec   .            (no cloak)
rCorr   .            w - +0 pair of gloves
SInv    .            J - +0 pair of boots
Will    .....        (no amulet)
Stlth   +            (no ring)
HPRegen 0.33/turn    (no ring)
MPRegen 0.08/turn

%: no passive effects
@: mighty, mesmerised
A: low MP 1
a: Renounce Religion


You were on level 7 of the Dungeon.
You worshipped Beogh.
Beogh was noncommittal.
You visited 1 branch of the dungeon, and saw 7 of its levels.

You collected 316 gold pieces.
You spent 177 gold pieces at shops.

Inventory:

Hand Weapons
 a - a +0 war axe
 A - a +2 antimagic hand axe (weapon)
 F - a +1 whip of electrocution
 I - the +1 short sword of Taz Maog {vamp, +Blink rC+}
   (You found it on level 5 of the Dungeon)

   rC+:       It protects you from cold.
   +Blink:    It lets you blink.
 L - a +4 hand axe
Missiles
 i - 12 poisoned darts (quivered)
 m - 3 javelins
Armour
 b - a +0 scale mail
 c - a +0 buckler (worn)
 u - a +0 chain mail
 v - a +0 helmet (worn)
 w - a +0 pair of gloves (worn)
 D - the +0 leather armour "Zougy" (worn) {rN+ Dex+6}
   (You bought it in a shop on level 3 of the Dungeon)

   Dex+6:     It affects your dexterity (+6).
   rN+:       It protects you from negative energy.
 J - a +0 pair of boots (worn)
Jewellery
 H - an amulet of regeneration
Wands
 n - a wand of flame (22)
 r - a wand of digging (6)
 G - a wand of paralysis (6)
Scrolls
 e - 2 scrolls of vulnerability {unknown}
 g - 2 scrolls of fog {unknown}
 h - 3 scrolls of teleportation
 l - a scroll of brand weapon {unknown}
 p - 4 scrolls of poison {unknown}
 q - a scroll of torment {unknown}
 s - 2 scrolls of enchant weapon {unknown}
 x - a scroll of blinking {unknown}
 z - a scroll of fear {unknown}
 B - a scroll of amnesia {unknown}
 C - a scroll of immolation {unknown}
 E - a scroll of enchant armour {unknown}
Potions
 f - 2 potions of curing {unknown}
 j - a potion of invisibility
 k - a potion of enlightenment
 t - a potion of attraction
 K - a potion of lignification


   Skills:
 + Level 7.3 Fighting
 + Level 7.5 Axes
 + Level 6.7 Armour
 * Level 9.0 Shields
 * Level 2.4 Invocations


You had 8 spell levels left.
You didn't know any spells.
Your spell library contained the following spells:

 Spells                   Type           Power      Damage    Failure   Level
 Ensorcelled Hibernation  Hex/Ice        0%         N/A       58%         2
 Mercury Vapours          Alch/Air       0%         N/A       58%         2
 Static Discharge         Conj/Air       0%         3-3/arc   58%         2
 Sublimation of Blood     Necr           0%         N/A       58%         2
 Fugue of the Fallen      Necr           0%         N/A       83%         3
 Mephitic Cloud           Conj/Alch/Air  0%         N/A       83%         3
 Airstrike                Air            0%         2d(0-16)  99%         4
 Anguish                  Hex/Necr       0%         N/A       99%         4
 Petrify                  Alch/Erth      0%         N/A       99%         4
 Summon Lightning Spire   Summ/Air       0%         N/A       99%         4
 Freezing Cloud           Conj/Ice/Air   0%         6-21      100%        5
 Irradiate                Conj/Alch      0%         3d11      100%        5


Dungeon Overview and Level Annotations

Branches:
Dungeon (7/15)             Temple (0/1) D:6

Altars:
Ashenzari
Fedhas
Gozag
Kikubaaqudgha
Trog
Uskayaw
Vehumet
Xom

Shops:
D:3 [   D:4 [   D:6 ?

Annotations:
D:4 exclusion: oklob plant
D:7 Maggie


Innate Abilities, Weirdness & Mutations

Your magical capacity is low. (-10% MP)


Message History

Maggie closely misses you.
You closely miss Maggie.
Maggie is moderately wounded.
You block Maggie's attack.
You hit Maggie but do no damage.
Maggie is moderately wounded.
You closely miss Maggie.
Maggie is moderately wounded.
You block Maggie's attack.
You barely miss Maggie.
Maggie is moderately wounded.
Maggie hits you but does no damage.
You hit Maggie.
Maggie is moderately wounded.
Maggie hits you with a +1 long sword of flaming!
* * * LOW HITPOINT WARNING * * *
Maggie burns you.
* * * LOW HITPOINT WARNING * * *
Your +1 whip of electrocution stops crackling.
You feel magic leave you.
A - a +2 antimagic hand axe (weapon)
You block Maggie's attack.
You hit Maggie but do no damage.
Maggie is moderately wounded.
Maggie hits you with a +1 long sword of flaming.
* * * LOW HITPOINT WARNING * * *
Maggie burns you.
* * * LOW HITPOINT WARNING * * *
You hit Maggie but do no damage.
Maggie is moderately wounded.
Maggie hits you with a +1 long sword of flaming!
* * * LOW HITPOINT WARNING * * *
Maggie burns you.
* * * LOW HITPOINT WARNING * * *
Okay, then.
You feel very mighty all of a sudden.
Maggie hits you with a +1 long sword of flaming.
* * * LOW HITPOINT WARNING * * *
Maggie burns you.
You die...

#..# #.# #### #..# #.#
.#.. #..# #.####### ...#
#..# #.#...... .... #..#
#.#.#.... .... #..#
#.#....## ... #..#
#.#.....# .#..
#########..# #.#.....#
.... ......@@...#
#[#.#+#.# ..#.
.#########.#####.#......
.... ............#.#
.... #.#####.#...#.#
.... #.$ #.#.#.#.# ....
### #.#...# ##.. #.#.###
.. #.#.# #.#.#


You could see Maggie (mesmerising).

Vanquished Creatures
  Pikel (D:5)
  Grinder (D:5)
  A water moccasin (D:6)
  Duvessa (D:5)
  2 sky beasts
  An ice beast (D:6)
  The ghost of VoidStrider the Magician, an amateur OnAE (D:5)
  2 ogres
  2 phantoms
  Dowan (D:5)
  An orc priest (D:6)
  Terence (D:2)
  2 sleepcaps
  3 iguanas
  5 orc wizards
  Robin (D:3)
  13 adders
  6 gnolls
  A white imp (D:6)
  A dart slug (D:5)
  A ribbon worm (D:4)
  26 orcs
  9 endoplasms
  9 giant cockroaches
  13 goblins
  14 hobgoblins
  6 jackals
  4 quokkas
  8 ball pythons
  8 bats
  4 frilled lizards
  10 kobolds
  5 rats
164 creatures vanquished.

Vanquished Creatures (others)
  2 orcs
  A goblin (D:3)
  A hobgoblin (D:3)
4 creatures vanquished.

Grand Total: 168 creatures vanquished

Notes
Turn   | Place    | Note
-------+----------+-------------------------------------------
     0 | D:1      | Destinykillz the Hill Orc Fighter began the quest for the
                  | Orb.
     0 | D:1      | Reached XP level 1. HP: 19/19 MP: 1/1
    58 | D:1      | Reached XP level 2. HP: 20/27 MP: 2/2
   809 | D:1      | Reached XP level 3. HP: 33/33 MP: 3/3
   894 | D:2      | Found an opulent altar of Gozag.
  1056 | D:2      | Reached skill level 4 in Shields
  1081 | D:2      | Reached XP level 4. HP: 36/40 MP: 4/4
  1127 | D:2      | You fall into a shaft and drop 1 floor!
  1197 | D:3      | Found a hide-covered altar of Uskayaw.
  1200 | D:3      | Noticed a phantom
  1228 | D:3      | Killed a phantom
  1229 | D:3      | Reached XP level 5. HP: 27/47 MP: 5/5
  1309 | D:2      | Noticed Robin
  1320 | D:3      | Killed Robin
  1580 | D:2      | Reached skill level 5 in Shields
  1623 | D:2      | Reached XP level 6. HP: 28/53 MP: 6/6
  1991 | D:2      | Noticed Terence
  1994 | D:2      | Killed Terence
  2133 | D:3      | Found a shimmering altar of Xom.
  2399 | D:3      | Reached skill level 5 in Fighting
  2641 | D:3      | Reached XP level 7. HP: 61/61 MP: 7/7
  2862 | D:3      | Found Ecwa's Antique Armour Shoppe.
  2870 | D:3      | Bought a smoking leather armour for 133 gold pieces
  2870 | D:3      | Identified the +0 leather armour "Zougy" {rN+ Dex+6} (You
                  | bought it in a shop on level 3 of the Dungeon)
  3041 | D:4      | Reached skill level 5 in Axes
  3157 | D:4      | Reached skill level 6 in Shields
  3167 | D:4      | Found Teyckez's Antique Armour Shoppe.
  3328 | D:4      | Reached skill level 5 in Armour
  3344 | D:4      | Found a radiant altar of Vehumet.
  3404 | D:4      | Found a blossoming altar of Fedhas.
  3420 | D:4      | Noticed an oklob plant
  3936 | D:5      | Entered Level 5 of the Dungeon
  3937 | D:5      | Noticed Duvessa
  3938 | D:5      | Noticed Dowan
  3950 | D:5      | Killed Duvessa
  3952 | D:5      | Killed Dowan
  4049 | D:5      | Found a runed translucent door.
  4127 | D:5      | Noticed Grinder
  4144 | D:5      | Killed Grinder
  4145 | D:5      | Reached skill level 7 in Shields
  4145 | D:5      | Reached XP level 8. HP: 56/70 MP: 8/8
  4435 | D:5      | Noticed Pikel
  4436 | D:5      | Identified the +1 short sword of Taz Maog {vamp, +Blink
                  | rC+}
  4455 | D:5      | Killed Pikel
  4456 | D:5      | Reached skill level 8 in Shields
  4772 | D:5      | Became a worshipper of Beogh the Brigand
  4851 | D:5      | Noticed VoidStrider's ghost (amateur OnAE)
  5017 | D:5      | Found an ancient bone altar of Kikubaaqudgha.
  5199 | D:5      | Killed VoidStrider's ghost
  5200 | D:5      | Reached XP level 9. HP: 58/78 MP: 9/9
  5322 | D:6      | Found Sugi's Magic Scroll Shop.
  5492 | D:6      | Bought a scroll of identify for 22 gold pieces
  5492 | D:6      | Bought a scroll of identify for 22 gold pieces
  5506 | D:6      | Gained mutation: A frigid envelope surrounds you and
                  | freezes all who hurt you. [potion of mutation]
  5506 | D:6      | Gained mutation: You are dopey. (Int -2) [potion of
                  | mutation]
  5506 | D:6      | Gained mutation: You have large cloven feet. [potion of
                  | mutation]
  5507 | D:6      | Lost mutation: You have large cloven feet. [potion of
                  | mutation]
  5507 | D:6      | Lost mutation: You are dopey. (Int -2) [potion of mutation]
  5507 | D:6      | Gained mutation: You are strong-willed. (Will+) [potion of
                  | mutation]
  5507 | D:6      | Gained mutation: You sometimes lose your temper in combat.
                  | [potion of mutation]
  5507 | D:6      | Gained mutation: You are somewhat resistant to further
                  | mutation. [potion of mutation]
  5508 | D:6      | Lost mutation: A frigid envelope surrounds you and freezes
                  | all who hurt you. [potion of mutation]
  5508 | D:6      | Lost mutation: You are strong-willed. (Will+) [potion of
                  | mutation]
  5508 | D:6      | Gained mutation: You are strong-willed. (Will+) [potion of
                  | mutation]
  5509 | D:6      | Lost mutation: You sometimes lose your temper in combat.
                  | [potion of mutation]
  5509 | D:6      | Lost mutation: You are strong-willed. (Will+) [potion of
                  | mutation]
  5509 | D:6      | Gained mutation: You are somewhat resistant to both further
                  | mutation and mutation removal. [potion of mutation]
  5509 | D:6      | Gained mutation: Your body sometimes deteriorates upon
                  | taking damage. [potion of mutation]
  5538 | D:6      | Lost mutation: You are somewhat resistant to both further
                  | mutation and mutation removal. [potion of mutation]
  5538 | D:6      | Lost mutation: Your body sometimes deteriorates upon taking
                  | damage. [potion of mutation]
  5538 | D:6      | Lost mutation: You are somewhat resistant to further
                  | mutation. [potion of mutation]
  5538 | D:6      | Gained mutation: Your magical capacity is low. (-10% MP)
                  | [potion of mutation]
  5549 | D:6      | Reached skill level 1 in Invocations
  5571 | D:6      | Found a bloodstained altar of Trog.
  5701 | D:6      | Found a staircase to the Ecumenical Temple.
  5828 | D:6      | Found an opulent altar of Gozag.
  5971 | D:6      | Found a broken altar of Ashenzari.
  6284 | D:7      | Reached skill level 9 in Shields
  6341 | D:7      | Noticed Maggie
  6370 | D:7      | HP: 2/79 [Maggie/+1 long sword of flaming (3)]
  6370 | D:7      | Slain by Maggie

Illustrated notes

Levels and vault maps discovered:
D:1:      kennysheep_arrival_forest, layout_loops_ring
D:2:      layout_loops_ring, basic_altar, uniq_terence, uniq_robin
D:3:      minmay_chambers_of_threes, layout_loops_ring, xom_confusion_cloud,
          overflow_temple_1_default, serial_shops, shop
D:4:      layout_loops_cross, mainiacjoe_overflow_tiny_flanked, tgw_fedhas,
          minivault_24, nicolae_inconvenience_store, chequers_mini_garden
D:5:      layout_loops_ring, mainiacjoe_overflow_alcove_2,
          ebering_ghost_sewer_d, grunt_decor_resistance,
          nicolae_figureground_pulse, uniq_grinder, uniq_duvessa, uniq_pikel
D:6:      layout_rooms, grunt_gozag_breadcrumbs,
          mainiacjoe_overflow_six_doors_small, general_overflow_altar,
          minmay_temple_entry_fiery, serial_shops, shop,
          serial_library_hellmonk_hallway_b
D:7:      layout_basic, mainiacjoe_overflow_concentric_impassable, serial_shops,
          shop, nicolae_shop_unique_rings, kennysheep_generic_room_11,
          uniq_maggie, uniq_maurice

Skill      XL: |  1  2  3  4  5  6  7  8  9 |
---------------+----------------------------+-----
Axes           | 3 4 6 7 |  7.5
Fighting       | 4 5 6 7 |  7.3
Shields        | 4 5 7 8 9 |  9.0
Armour         | 4 5 6 |  6.7
Invocations    | 2 |  2.4

Action                     |  1- 3 |  4- 6 |  7- 9 || total
---------------------------+-------+-------+-------++-------
  Melee: War axe           |   111 |   179 |    81 ||   371
         Whip              |       |       |   174 ||   174
         Short sword       |       |       |    35 ||    35
         Hand axe          |       |       |     2 ||     2
  Throw: Dart              |    10 |       |       ||    10
 Invoke: Convert to Beogh  |       |       |     1 ||     1
    Use: Scroll            |       |       |     6 ||     6
         Potion            |       |       |     6 ||     6
 Armour: Scale mail        |    75 |   101 |       ||   176
         Chain mail        |       |    54 |     8 ||    62
         Leather armour    |       |       |   145 ||   145
  Dodge: Dodged            |    46 |    86 |    86 ||   218
  Block: Buckler           |    30 |    35 |    68 ||   133
